 Dungeon Crawl Stone Soup version 0.25.0-26-g0c896c7088 (webtiles) character file.

Game seed: 6165100475276128394

60 Esekla the Grave Robber (level 4, 32/32 HPs)
             Began as a Formicid Necromancer on July 1, 2020.
             Got out of the dungeon alive.
             The game lasted 00:11:11 (2085 turns).

Esekla the Grave Robber (Formicid Necromancer)      Turns: 2085, Time: 00:11:11

Health: 32/32      AC: -1    Str: 12    XL:     4   Next: 24%
Magic:  8/8        EV: 12    Int: 16    God:
Gold:   54         SH:  0    Dex: 11    Spells: 4/8 levels left

rFire    . . .     SeeInvis +   e - +1 dagger
rCold    . . .     Gourm    .   (no shield)
rNeg     . . .     Faith    .   a - +0 robe
rPois    .         Spirit   +   (helmet unavailable)
rElec    .         Reflect  .   (no cloak)
rCorr    .         Harm     .   (no gloves)
MR       .....                  l - +0 pair of boots
Stlth    ++........             b - amulet of guardian spirit
HPRegen  0.10/turn              j - ring of teleportation (curse)
MPRegen  0.11/turn              m - -4 ring of protection (curse)

@: no status effects
A: permanent stasis, dig shafts and tunnels, four strong arms, antennae 3
a: Dig, Shaft Self


You escaped.
You were hungry.

You visited 1 branch of the dungeon, and saw 2 of its levels.

You collected 54 gold pieces.

Inventory:

Hand Weapons
 e - a +1 dagger (weapon)
Missiles
 f - 9 poisoned darts (quivered)
Armour
 a - a +0 robe (worn)
 l - a +0 pair of boots (worn)
Jewellery
 b - an amulet of guardian spirit (around neck)
 j - a cursed ring of teleportation (left hand)
 m - a cursed -4 ring of protection (right hand)
Scrolls
 d - a scroll of identify
 k - 2 scrolls of enchant weapon
Potions
 h - a potion of curing
Comestibles
 c - 2 rations


   Skills:
 * Level 1.0 Fighting
 + Level 0.7 Short Blades
 + Level 2.0 Dodging
 + Level 2.9 Stealth
 * Level 2.6 Spellcasting
 + Level 4.6 Necromancy


You had 4 spell levels left.
You knew the following spells:

 Your Spells              Type           Power        Failure   Level  Hunger
a - Pain                  Necr           ###.         2%          1    #......
d - Vampiric Draining     Necr           ###.......   9%          3    ###....

Your spell library contained the following spells:

 Spells                   Type           Power        Failure   Level  Hunger
 Animate Skeleton         Necr           N/A          2%          1    #......
 Animate Dead             Necr           N/A          28%         4    #####..
 Agony                    Necr           ###.....     61%         5    ######.


Dungeon Overview and Level Annotations

Branches:
Dungeon (2/15)

Altars:


Innate Abilities, Weirdness & Mutations

You cannot be hasted, slowed, berserked, paralysed or teleported.
You can dig through walls and to a lower floor.
Your four strong arms can wield two-handed weapons with a shield.
You have a pair of large antennae on your head. (SInv)


Message History

The rat bites you.
You barely miss the rat.
The rat is heavily wounded.
The rat barely misses you.
You hit the rat.
You kill the rat!
Your Fighting skill increases to level 1!
You now have 54 gold pieces (gained 8).
You sense a monster nearby.
A hobgoblin comes into view. It is wielding a +0 club.
(D) Dungeon
Where to? (? - help)
Okay, then.
There is a stone staircase leading down here.
You are feeling hungry.
You enter the shallow water.
Moving in this stuff is going to be slow.
There is a staircase leading out of the dungeon here.
Are you sure you want to leave the Dungeon?
This will make you lose the game!
You have escaped!

####.#..## ##..#
#....#.#.###.#.#
#.##...##.#.##.#
########.########.###.#
#≈≈≈≈≈≈≈.≈≈≈≈≈≈≈#.###.#
#≈≈≈≈≈.....≈≈≈≈≈#.....#
#≈≈....≈≈≈....≈≈#########
#≈...≈≈≈.≈≈≈...≈#....>...
.....≈≈≈.@..≈≈..≈########.
.#≈...≈≈≈.≈≈≈...≈#.######.
#.#
#≈≈....≈≈≈....≈≈#........
#.#
#≈≈≈≈≈.....≈≈≈≈≈#.#######
#.# #≈≈≈≈≈≈≈≈≈≈≈≈≈≈≈###
#.# ################ #.#
#.# #.#


There were no monsters in sight!

Vanquished Creatures
  3 adders (D:2)
  A worm (D:2)
  A dart slug (D:1)
  5 bats
  A giant cockroach (D:2)
  2 goblins
  5 hobgoblins
  2 jackals (D:2)
  A ball python (D:2)
  A frilled lizard (D:1)
  4 kobolds
  3 rats
29 creatures vanquished.

Notes
Turn   | Place    | Note
-------+----------+-------------------------------------------
     0 | D:1      | Esekla the Formicid Necromancer began the quest for the
                  | Orb.
     0 | D:1      | Reached XP level 1. HP: 13/13 MP: 3/3
   416 | D:1      | Reached XP level 2. HP: 12/19 MP: 3/5
  1129 | D:2      | Reached XP level 3. HP: 16/25 MP: 6/6
  1222 | D:2      | Learned a level 3 spell: Vampiric Draining
  1511 | D:2      | Reached XP level 4. HP: 28/31 MP: 0/7
  1954 | D:1      | Reached skill level 1 in Fighting
  2085 | D:$      | Got out of the dungeon alive.

Illustrated notes

Levels and vault maps discovered:
D:1:      dpeg_arrival_shrine, layout_loops_ring
D:2:      layout_loops_corners

Skill      XL: |  1  2  3  4 |
---------------+-------------+-----
Dodging        | 2 |  2.0
Fighting       | 1 |  1.0
Short Blades   | |  0.7
Stealth        | |  2.9
Spellcasting   | |  2.6
Necromancy     | |  4.6

Action                   |  1- 3 |  4- 6 || total
-------------------------+-------+-------++-------
Melee: Dagger            |    73 |    33 ||   106
Throw: Dart              |     7 |       ||     7
 Cast: Pain              |     5 |     1 ||     6
       Vampiric Draining |     4 |     3 ||     7
  Use: Scroll            |       |     4 ||     4
 Stab: Sleeping          |     5 |       ||     5
  Eat: Chunk             |     2 |     2 ||     4
Armor: Robe              |    13 |       ||    13
Dodge: Dodged            |    36 |    22 ||    58
